Map: Blueshift LE

Players

DnS - Winner!

  • Race: Protoss Protoss
  • Spawn Location: 1:00

Raze

  • Race: Protoss Protoss
  • League: Master
  • Spawn Location: 7:00

Event: WCS Montreal 2018

VOD

Have the link to the VOD?

Description

Time

  • Played on: Sept. 7, 2018, 3:38 p.m.
  • Length: 10:21

All games in this series

Show
View Real Time Build Order
Export as new Build Order

DnS Protoss - Winner!

Build Orders: Oracle Opening 

Get SALT Encoding   

  12  0:01  Probe  
  13  0:13  Probe  
  14  0:17  Pylon  
  14  0:24  Probe  
  15  0:32  Probe  
  15  0:36  Gateway  
  15  0:40  Probe  
  16  0:46  Assimilator  
  17  0:50  Probe  
  17  0:54  Assimilator  
  18  0:58  Probe  
  19  1:07  Gateway, Probe  
  20  1:17  Probe  
  20  1:23  Cybernetics Core  
  21  1:30  Probe  
  22  1:35  Pylon  
  22  1:42  Probe  
  23  1:51  Warp Gate  
  23  2:00  Stalker x2  
  27  2:11  Pylon  
  27  2:14  Shield Battery  
  27  2:30  Stalker x2  
  26  3:02  Stalker x2  
  30  3:05  Probe  
  30  3:08  Stargate  
  30  3:16  Shield Battery  
  30  3:23  Probe  
  30  3:26  Shield Battery  
  31  3:35  Probe  
  31  3:36  Shield Battery  
  32  3:44  Oracle  
  32  3:47  Probe  
  36  4:00  Probe  
  36  4:01  Pylon  
  37  4:11  Oracle  
  37  4:12  Probe  
  41  4:35  Robotics Facility  
  38  4:57  Stalker x2  
  42  5:03  Twilight Council  
  42  5:07  Pylon  
  42  5:21  Blink  
  42  5:26  Stalker x2  
  43  5:30  Shield Battery  
  43  5:50  Stalker  
  43  5:56  Stalker  
  47  6:07  Nexus  
  47  6:14  Pylon  
  47  6:18  Probe  
  48  6:30  Probe  
  48  6:41  Stalker x2  
  48  6:45  Probe  
  53  6:57  Probe  
  50  7:09  Probe  
  50  7:10  Stalker  
  50  7:11  Stalker  
  55  7:16  Probe  
  55  7:17  Probe  
  57  7:24  Probe  
  57  7:25  Probe  
  59  7:33  Adept  
  59  7:34  Adept, Probe  
  56  7:55  Probe  
  56  7:56  Probe  
  52  8:01  Resonating Glaives  
  44  8:07  Probe  
  44  8:08  Probe  
  44  8:19  Probe  
  43  8:21  Probe  
  43  8:22  Gateway x2  
  43  8:26  Sentry x2  
  46  8:27  Gateway  
  46  8:31  Gateway, Probe  
  47  8:42  Robotics Facility  
  47  8:48  Pylon  
  47  8:50  Sentry  
  47  8:51  Stalker  
  47  8:53  Probe  
  48  9:10  Shield Battery  
  48  9:12  Shield Battery  
  48  9:15  Adept x2  
  52  9:19  Immortal  
  52  9:21  Adept x2  
  56  9:29  Adept x2  
  64  9:40  Adept x2  
  64  9:42  Sentry  
  70  9:46  Adept  
  72  9:54  Stalker  
  72  9:58  Adept  
  74  10:03  Adept x2  
  72  10:12  Adept x2  
Show
View Real Time Build Order
Export as new Build Order

Raze Protoss 

Build Orders:  

Get SALT Encoding   

  12  0:01  Probe  
  13  0:13  Probe  
  14  0:17  Pylon  
  14  0:23  Probe  
  15  0:31  Probe  
  16  0:39  Gateway, Probe  
  16  0:49  Pylon  
  17  0:52  Probe  
  18  0:57  Assimilator  
  18  1:07  Gateway  
  18  1:17  Gateway  
  18  1:20  Probe  
  19  1:30  Cybernetics Core  
  19  1:33  Probe  
  20  1:40  Assimilator  
  20  1:45  Probe  
  21  1:57  Probe  
  21  1:59  Adept  
  22  2:08  Adept  
  26  2:11  Warp Gate  
  26  2:14  Pylon  
  26  2:17  Probe  
  27  2:29  Probe  
  28  2:30  Pylon  
  28  2:35  Adept  
  32  2:37  Adept  
  32  2:58  Probe  
  32  3:15  Stalker  
  32  3:16  Stalker, Stargate  
  32  3:17  Stalker  
  34  3:36  Pylon  
  32  3:49  Shield Battery  
  32  3:56  Gateway  
  32  4:00  Phoenix  
  32  4:01  Gateway  
  34  4:14  Stalker  
  36  4:17  Pylon  
  36  4:25  Phoenix  
  38  4:37  Stalker  
  40  4:43  Pylon  
  40  4:52  Probe  
  39  4:55  Phoenix  
  41  5:00  Stalker  
  41  5:04  Probe  
  42  5:19  Probe  
  40  5:27  Probe  
  38  5:37  Probe  
  38  5:39  Nexus  
  39  5:49  Sentry x2  
  43  5:57  Stalker  
  43  5:58  Probe  
  46  6:13  Robotics Facility, Probe  
  47  6:21  Probe  
  48  6:31  Probe  
  48  6:39  Pylon  
  49  6:43  Probe  
  50  6:53  Probe  
  51  7:00  Observer  
  52  7:09  Probe x2  
  52  7:12  Sentry  
  52  7:13  Immortal  
  56  7:16  Pylon  
  56  7:21  Probe x2  
  62  7:28  Stalker  
  64  7:35  Sentry  
  64  7:36  Gateway  
  66  7:37  Gateway  
  60  7:47  Stalker  
  54  7:54  Stalker  
  44  8:11  Stalker  
  45  8:16  Probe  
  45  8:17  Probe  
  46  8:24  Warp Prism  
  46  8:40  Stalker  
  50  8:47  Stalker  
  52  8:51  Observer  
  52  8:53  Stalker  
  54  9:14  Adept x4  
  62  9:17  Adept  
  62  9:22  Pylon  
  62  9:38  Stalker x2  
  62  9:56  Adept x2  
  54  10:08  Zealot  
Tags
 
Add a new tag
Caveats
  • Supply blocks, unpowered buildings, or Contaminate may cause inaccurate times.
  • Supply counts are checked every 10 seconds.